| TOP OF THE 1ST |
|
Bowie Baysox batting - Pitching for Corpus Christi Hooks : RHP Mike Wirick
|
|
Pitching: RHP Mike Wirick
|
|
|
Batting: RHB Joe Young
|
0-0: Ball 1-0: Swinging Strike 1-1: Ball 2-1: Ball 3-1: Base on Balls
|
|
Batting: RHB Daniel Jackson
|
0-0: Ball 1-0: Ball Joe Young steals 2nd base (no throw) 2-0: Swinging Strike 2-1: Ball 3-1: Called Strike 3-2: Base on Balls
|
|
Batting: RHB Luke Vaccarino
|
0-0: Called Strike 0-1: Ball 1-1: Fielders Choice at 2nd, 3-6 (Groundball, 34, EV 104.4 MPH) Joe Young to third
|
|
Batting: RHB Jonathan Mendoza
|
0-0: Called Strike 0-1: Fly out, F1 (Line Drive, P, EV 71.2 MPH)
|
|
Batting: RHB Alfredo Reguera
|
0-0: Ball 1-0: Ball 2-0: Called Strike 2-1: Called Strike 2-2: Foul Ball, location: 2F 2-2: Ball 3-2: Ground out 5-3 (Groundball, 56S, EV 82.5 MPH)
|
| Top of the 1st over - 0 runs, 0 hits, 0 errors, 2 left on base; Bowie 0 - Corpus Christi 0 |
| BOTTOM OF THE 1ST |
|
Corpus Christi Hooks batting - Pitching for Bowie Baysox : RHP Wes Reynolds
|
|
Pitching: RHP Wes Reynolds
|
|
|
Batting: LHB Glenn Lowther
|
0-0: Called Strike 0-1: Ball 1-1: Ball 2-1: Foul Ball, location: 2F 2-2: Foul Ball, location: 2F 2-2: Foul Ball, location: 2F 2-2: Fly out, F4 (Line Drive, 4, EV 68.8 MPH)
|
|
Batting: RHB Sean Mounts
|
0-0: Called Strike 0-1: Swinging Strike 0-2: Ball 1-2: Foul Ball, location: 2F 1-2: Strikes out swinging
|
|
Batting: RHB Duncan Collins
|
0-0: Ball 1-0: Foul Ball, location: 2F 1-1: Ground out 4-3 (Groundball, 4, EV 82.5 MPH)
|
| Bottom of the 1st over - 0 runs, 0 hits, 0 errors, 0 left on base; Bowie 0 - Corpus Christi 0 |
| TOP OF THE 2ND |
|
Bowie Baysox batting - Pitching for Corpus Christi Hooks : RHP Mike Wirick
|
|
Batting: RHB Josh Hopp
|
0-0: Called Strike 0-1: Bunt for hit to 2L - play at first, batter OUT! 2-3
|
|
Batting: RHB Wil Ochoa
|
0-0: Ball 1-0: Swinging Strike 1-1: Foul Ball, location: 2F 1-2: Foul Ball, location: 2F 1-2: Ground out 6-3 (Groundball, 6, EV 82.5 MPH)
|
|
Batting: SHB Chris Wright
|
0-0: Ball 1-0: Called Strike 1-1: Fly out, F8 (Flyball, 78D, EV 94.4 MPH)
|
| Top of the 2nd over - 0 runs, 0 hits, 0 errors, 0 left on base; Bowie 0 - Corpus Christi 0 |
| BOTTOM OF THE 2ND |
|
Corpus Christi Hooks batting - Pitching for Bowie Baysox : RHP Wes Reynolds
|
|
Batting: LHB Bob Dietz
|
0-0: Called Strike 0-1: Ball 1-1: Foul Ball, location: 2F 1-2: Foul Ball, location: 2F 1-2: Strikes out swinging
|
|
Batting: RHB Xavier Castaneda
|
0-0: Ground out 6-3 (Groundball, 6S, EV 63.1 MPH)
|
|
Batting: LHB Jackson Trottier
|
0-0: Ball 1-0: Called Strike 1-1: Ball 2-1: Ball 3-1: Base on Balls
|
|
Batting: RHB Alex Campos
|
0-0: Swinging Strike 0-1: Ball 1-1: Ball 2-1: Called Strike Pickoff Throw to First - Out! 1-3
|
| Bottom of the 2nd over - 0 runs, 0 hits, 0 errors, 0 left on base; Bowie 0 - Corpus Christi 0 |
| TOP OF THE 3RD |
|
Bowie Baysox batting - Pitching for Corpus Christi Hooks : RHP Mike Wirick
|
|
Batting: RHB Honório Szenes
|
0-0: Ball 1-0: Ball 2-0: Foul Ball, location: 2F 2-1: Ball 3-1: Foul Ball, location: 2F 3-2: SINGLE (Line Drive, 9S, EV 108.8 MPH)
|
|
Batting: RHB Joe Young
|
0-0: Ball Honório Szenes is caught stealing 2nd base 2-4 1-0: Ball 2-0: Called Strike 2-1: Ground out U3 (Groundball, 34, EV 85.6 MPH)
|
|
Batting: RHB Daniel Jackson
|
0-0: Ball 1-0: Foul Ball, location: 2F 1-1: Foul Ball, location: 2F 1-2: Ground out 5-3 (Groundball, 5S, EV 65.6 MPH)
|
| Top of the 3rd over - 0 runs, 1 hit, 0 errors, 0 left on base; Bowie 0 - Corpus Christi 0 |
| BOTTOM OF THE 3RD |
|
Corpus Christi Hooks batting - Pitching for Bowie Baysox : RHP Wes Reynolds
|
|
Batting: RHB Alex Campos
|
0-0: Ball 1-0: Called Strike 1-1: Ground out 6-3 (Groundball, 6, EV 84.4 MPH)
|
|
Batting: RHB Yoshitoshi Mori
|
0-0: Called Strike 0-1: SINGLE (Groundball, 6D, EV 99.4 MPH)
|
|
Batting: RHB Oren Jones
|
0-0: Ball 1-0: Fly out, F5 (Line Drive, 5, EV 70.6 MPH)
|
|
Batting: LHB Glenn Lowther
|
0-0: Called Strike 0-1: Called Strike 0-2: Ball 1-2: Ball 2-2: Ball 3-2: Reached on error, E3 (Groundball, 34, EV 81.9 MPH) Yoshitoshi Mori to third
|
|
Batting: RHB Sean Mounts
|
0-0: Foul Ball, location: 2F 0-1: DOUBLE (Line Drive, 78D, EV 114.4 MPH) Yoshitoshi Mori scores Glenn Lowther scores
|
|
Batting: RHB Duncan Collins
|
0-0: Ball 1-0: Ground out 4-3 (Groundball, 34, EV 100.6 MPH)
|
| Bottom of the 3rd over - 2 runs, 2 hits, 1 error, 1 left on base; Bowie 0 - Corpus Christi 2 |
| TOP OF THE 4TH |
|
Bowie Baysox batting - Pitching for Corpus Christi Hooks : RHP Mike Wirick
|
|
Batting: RHB Luke Vaccarino
|
0-0: Foul Ball, location: 2F 0-1: Called Strike 0-2: Ball 1-2: Ball 2-2: Strikes out swinging
|
|
Batting: RHB Jonathan Mendoza
|
0-0: Ball 1-0: Ball 2-0: Ball 3-0: Base on Balls
|
|
Batting: RHB Alfredo Reguera
|
0-0: Foul Ball, location: 2F 0-1: Fly out, F3 (Line Drive, 3L, EV 64.4 MPH) Lined into DP, U3 (Line Drive, 3L, EV 70.6 MPH)
|
| Top of the 4th over - 0 runs, 0 hits, 0 errors, 0 left on base; Bowie 0 - Corpus Christi 2 |
| BOTTOM OF THE 4TH |
|
Corpus Christi Hooks batting - Pitching for Bowie Baysox : RHP Wes Reynolds
|
|
Batting: LHB Bob Dietz
|
0-0: Called Strike 0-1: Ground out 4-3 (Groundball, 34D, EV 87.5 MPH)
|
|
Batting: RHB Xavier Castaneda
|
0-0: Foul Ball, location: 2F 0-1: Ball 1-1: Foul Ball, location: 2F 1-2: Foul Ball, location: 2F 1-2: Strikes out swinging
|
|
Batting: LHB Jackson Trottier
|
0-0: Foul Ball, location: 2F 0-1: Ball 1-1: Called Strike 1-2: Foul Ball, location: 2F 1-2: Hit by Pitch
|
|
Batting: RHB Alex Campos
|
0-0: Ball 1-0: Foul Ball, location: 2F 1-1: Called Strike 1-2: Fly out, F9 (Flyball, 9S, EV 95.6 MPH)
|
| Bottom of the 4th over - 0 runs, 0 hits, 0 errors, 1 left on base; Bowie 0 - Corpus Christi 2 |
| TOP OF THE 5TH |
|
Bowie Baysox batting - Pitching for Corpus Christi Hooks : RHP Mike Wirick
|
|
Batting: RHB Josh Hopp
|
0-0: Ground out 6-3 (Groundball, 6S, EV 78.8 MPH)
|
|
Batting: RHB Wil Ochoa
|
0-0: Ball 1-0: Swinging Strike 1-1: Ground out 6-3 (Groundball, 6, EV 95.0 MPH)
|
|
Batting: SHB Chris Wright
|
0-0: Ball 1-0: Called Strike 1-1: SINGLE (Line Drive, 7S, EV 96.9 MPH)
|
|
Batting: RHB Honório Szenes
|
0-0: Swinging Strike 0-1: Ball Passed Ball! Chris Wright to second 1-1: Foul Ball, location: 2F 1-2: Ball 2-2: Ball 3-2: Base on Balls
|
|
Batting: RHB Joe Young
|
0-0: SINGLE (Groundball, 25, EV 65.6 MPH) (infield hit) Chris Wright to third Honório Szenes to second
|
|
Batting: RHB Daniel Jackson
|
0-0: Called Strike 0-1: Foul Ball, location: 2F 0-2: Ground out U3 (Groundball, 34, EV 85.0 MPH)
|
| Top of the 5th over - 0 runs, 2 hits, 0 errors, 3 left on base; Bowie 0 - Corpus Christi 2 |
| BOTTOM OF THE 5TH |
|
Corpus Christi Hooks batting - Pitching for Bowie Baysox : RHP Wes Reynolds
|
|
Batting: RHB Yoshitoshi Mori
|
0-0: Foul Ball, location: 2F 0-1: Ball 1-1: Ball 2-1: Ball 3-1: Foul Ball, location: 2F 3-2: Foul Ball, location: 2F 3-2: Fly out, F9 (Flyball, 9D, EV 105.6 MPH)
|
|
Batting: RHB Oren Jones
|
0-0: Called Strike 0-1: Called Strike 0-2: Ball 1-2: Strikes out swinging
|
|
Batting: LHB Glenn Lowther
|
0-0: SINGLE (Line Drive, 8RS, EV 93.8 MPH)
|
|
Batting: RHB Sean Mounts
|
0-0: Ball 1-0: Called Strike 1-1: Ball 2-1: Ball 3-1: SINGLE (Groundball, 25, EV 74.4 MPH) (infield hit) Glenn Lowther to second
|
|
Batting: RHB Duncan Collins
|
0-0: Ball 1-0: Swinging Strike 1-1: Ball 2-1: SINGLE (Groundball, 56D, EV 95.0 MPH) Glenn Lowther to third Sean Mounts to second Runner from 3rd tries for Home, SAFE, throw by LF to home
|
|
Batting: LHB Bob Dietz
|
0-0: Called Strike 0-1: Ball 1-1: Called Strike 1-2: Ball 2-2: Ground out U3 (Groundball, 3, EV 85.0 MPH)
|
| Bottom of the 5th over - 1 run, 3 hits, 0 errors, 2 left on base; Bowie 0 - Corpus Christi 3 |
| TOP OF THE 6TH |
|
Bowie Baysox batting - Pitching for Corpus Christi Hooks : RHP Mike Wirick
|
|
Batting: RHB Luke Vaccarino
|
0-0: Ball 1-0: SINGLE (Line Drive, 7S, EV 91.2 MPH)
|
|
Batting: RHB Jonathan Mendoza
|
0-0: Ball 1-0: Ball 2-0: Ball 3-0: Called Strike 3-1: Foul Ball, location: 2F 3-2: Fly out, F7 (Flyball, 78S, EV 90.6 MPH)
|
|
Pitching: RHP Manny Bonilla
|
|
|
Batting: RHB Alfredo Reguera
|
0-0: Ball 1-0: Called Strike 1-1: Fly out, F8 (Flyball, 8RD, EV 80.0 MPH)
|
|
Batting: RHB Josh Hopp
|
0-0: Ball 1-0: Called Strike 1-1: Foul Ball, location: 2F 1-2: Ball 2-2: Foul Ball, location: 2F 2-2: Fly out, F7 (Flyball, 78M, EV 81.9 MPH)
|
| Top of the 6th over - 0 runs, 1 hit, 0 errors, 1 left on base; Bowie 0 - Corpus Christi 3 |
| BOTTOM OF THE 6TH |
|
Corpus Christi Hooks batting - Pitching for Bowie Baysox : RHP Wes Reynolds
|
|
Batting: RHB Xavier Castaneda
|
0-0: Ball 1-0: Ball 2-0: SINGLE (Line Drive, 6D, EV 96.9 MPH)
|
|
Batting: LHB Jackson Trottier
|
0-0: Ball 1-0: Fly out, F7 (Flyball, 78D, EV 102.5 MPH)
|
|
Batting: RHB Alex Campos
|
0-0: Foul Ball, location: 2F 0-1: Ball 1-1: Ball 2-1: Called Strike Xavier Castaneda steals 2nd base (no throw) 2-2: Ground out 6-3 (Groundball, 56, EV 91.2 MPH)
|
|
Batting: RHB Yoshitoshi Mori
|
0-0: Intentional Walk
|
|
Pitching: RHP Bryant Orr
|
|
|
Batting: RHB Oren Jones
|
0-0: Called Strike Xavier Castaneda steals 3rd base 0-1: Foul Ball, location: 2F 0-2: Reached on error, E8 (Line Drive, 8LM, EV 95.0 MPH) Xavier Castaneda scores Yoshitoshi Mori to third
|
|
Batting: LHB Glenn Lowther
|
0-0: Intentional Walk
|
|
Batting: RHB Sean Mounts
|
0-0: Fly out, F8 (Flyball, 8LM, EV 80.0 MPH)
|
| Bottom of the 6th over - 1 run, 1 hit, 1 error, 3 left on base; Bowie 0 - Corpus Christi 4 |
| TOP OF THE 7TH |
|
Bowie Baysox batting - Pitching for Corpus Christi Hooks : RHP Manny Bonilla
|
|
Batting: RHB Wil Ochoa
|
0-0: Called Strike 0-1: Swinging Strike 0-2: Reached on error, E5 (Groundball, 56, EV 86.9 MPH)
|
|
Batting: SHB Chris Wright
|
0-0: Ball Wil Ochoa steals 2nd base 1-0: Called Strike 1-1: Ball 2-1: Ground out 6-3 (Groundball, 6M, EV 85.6 MPH) Wil Ochoa to third
|
|
Batting: RHB Honório Szenes
|
0-0: Called Strike 0-1: Ball 1-1: Ball 2-1: Foul Ball, location: 2F 2-2: Ground out 6-3 (Groundball, 6, EV 84.4 MPH) Wil Ochoa scores
|
|
Batting: RHB Joe Young
|
0-0: Foul Ball, location: 2F 0-1: Ball 1-1: Ground out U3 (Groundball, 34, EV 101.2 MPH)
|
| Top of the 7th over - 1 run, 0 hits, 1 error, 0 left on base; Bowie 1 - Corpus Christi 4 |
| BOTTOM OF THE 7TH |
|
Corpus Christi Hooks batting - Pitching for Bowie Baysox : RHP Bryant Orr
|
|
Batting: RHB Duncan Collins
|
0-0: Ball 1-0: Foul Ball, location: 2F 1-1: Swinging Strike 1-2: SOLO HOME RUN (Flyball, 7LD, EV 95.0 MPH), Distance : 351 ft
|
|
Batting: LHB Bob Dietz
|
0-0: Fly out, F8 (Flyball, 89XD, EV 98.8 MPH)
|
|
Batting: RHB Xavier Castaneda
|
0-0: Called Strike 0-1: Called Strike 0-2: Strikes out swinging
|
|
Batting: LHB Jackson Trottier
|
0-0: Fly out, F8 (Flyball, 8LM, EV 87.5 MPH)
|
| Bottom of the 7th over - 1 run, 1 hit, 0 errors, 0 left on base; Bowie 1 - Corpus Christi 5 |
| TOP OF THE 8TH |
|
Bowie Baysox batting - Pitching for Corpus Christi Hooks : RHP Manny Bonilla
|
|
Pitching: RHP Alexander Hagan
|
|
|
Batting: RHB Daniel Jackson
|
0-0: Swinging Strike 0-1: Called Strike 0-2: Ball 1-2: Strikes out swinging
|
|
Batting: RHB Luke Vaccarino
|
0-0: Swinging Strike 0-1: Ball 1-1: Foul Ball, location: 2F 1-2: Foul Ball, location: 2F 1-2: SINGLE (Line Drive, 9S, EV 110.0 MPH)
|
|
Batting: RHB Jonathan Mendoza
|
0-0: Ball 1-0: Called Strike 1-1: Foul Ball, location: 2F 1-2: Ball 2-2: Grounds into double play, 5-4-3 (Groundball, 56S, EV 80.6 MPH)
|
| Top of the 8th over - 0 runs, 1 hit, 0 errors, 0 left on base; Bowie 1 - Corpus Christi 5 |
| BOTTOM OF THE 8TH |
|
Corpus Christi Hooks batting - Pitching for Bowie Baysox : RHP Bryant Orr
|
|
Batting: RHB Alex Campos
|
0-0: Ball 1-0: Ball 2-0: Swinging Strike 2-1: SINGLE (Groundball, 4M, EV 102.5 MPH) (infield hit)
|
|
Batting: RHB Yoshitoshi Mori
|
0-0: Swinging Strike 0-1: Ball 1-1: Foul Ball, location: 2F 1-2: Strikes out swinging
|
|
Batting: RHB Oren Jones
|
0-0: Called Strike 0-1: Ball 1-1: Ball 2-1: Ball 3-1: Base on Balls Alex Campos to second
|
|
Batting: LHB Glenn Lowther
|
0-0: Called Strike 0-1: Swinging Strike 0-2: Ball 1-2: Fielders Choice at 2nd, 4-6 (Groundball, 4, EV 77.5 MPH) Alex Campos to third
|
|
Batting: RHB Sean Mounts
|
0-0: Called Strike 0-1: Ball 1-1: Swinging Strike 1-2: Ball Balk! Alex Campos scores Glenn Lowther to second 2-2: Foul Ball, location: 2F 2-2: Strikes out swinging
|
| Bottom of the 8th over - 1 run, 1 hit, 0 errors, 1 left on base; Bowie 1 - Corpus Christi 6 |
| TOP OF THE 9TH |
|
Bowie Baysox batting - Pitching for Corpus Christi Hooks : RHP Alexander Hagan
|
|
Batting: RHB Alfredo Reguera
|
0-0: Ball 1-0: Foul Ball, location: 2F 1-1: Called Strike 1-2: Ground out 6-3 (Groundball, 4M, EV 103.8 MPH)
|
|
Batting: RHB Josh Hopp
|
0-0: Ball 1-0: Ball 2-0: Foul Ball, location: 2F 2-1: Ball 3-1: Fly out, F8 (Line Drive, 8RM, EV 93.8 MPH)
|
|
Batting: RHB Wil Ochoa
|
0-0: Ball 1-0: SINGLE (Flyball, 56D, EV 87.5 MPH)
|
|
Batting: SHB Chris Wright
|
0-0: Foul Ball, location: 2F 0-1: Called Strike 0-2: Strikes out swinging
|
| Top of the 9th over - 0 runs, 1 hit, 0 errors, 1 left on base; Bowie 1 - Corpus Christi 6 |
|